 Dungeon Crawl Stone Soup version 0.18-a0-1466-g2490093 (console) character file.

5033 Liam the Thaumaturge (level 10, 0/50 HPs)
             Began as a Deep Elf Conjurer on Mar 1, 2016.
             Was a Follower of Vehumet.
             Killed from afar by a fire dragon (50 damage)
             ... with a blast of flame
             ... on level 9 of the Dungeon.
             The game lasted 00:18:33 (8732 turns).

Liam the Thaumaturge (Deep Elf Conjurer)            Turns: 8732, Time: 00:18:33

Health: 0/50       AC:  3    Str: 10    XL:     10   Next: 30%
Magic:  13/28      EV: 13    Int: 24    God:    Vehumet [*.....]
Gold:   491        SH:  0    Dex: 15    Spells: 3 memorised, 24 levels left

rFire  . . .     SeeInvis .     M - +2 dagger (speed)
rCold  . . .     Gourm    .     K - +0 robe {rN+}
rNeg   + . .     Faith    .     (no shield)
rPois  .         Spirit   .     (no helmet)
rElec  .         Dismiss  .     (no cloak)
rCorr  .         Reflect  .     (no gloves)
SustAt .         Harm     .     y - +0 pair of boots
MR     +....                    A - amulet of regeneration
Stlth  ++........               R - ring of flight
                                I - +5 ring of strength

@: very slightly contaminated, somewhat resistant to hostile enchantments,
unstealthy
A: no striking features
a: Renounce Religion, Evoke Flight


You were on level 9 of the Dungeon.
You worshipped Vehumet.
Vehumet was aware of your devotion.
You were not hungry.

You visited 2 branches of the dungeon, and saw 10 of its levels.

You collected 491 gold pieces.

Inventory:

Hand Weapons
 M - a +2 dagger of speed (weapon)
Armour
 a - a +0 robe
 y - a +0 pair of boots (worn)
 K - a +0 robe of positive energy (worn)
Jewellery
 m - an uncursed ring of protection from fire
 s - an uncursed ring of stealth
 w - an uncursed amulet of harm
 A - an amulet of regeneration (around neck)
 E - an uncursed amulet of dismissal
 F - an uncursed ring of fire
 I - a +5 ring of strength (left hand)
 O - an uncursed amulet of guardian spirit
 R - a ring of flight (right hand)
Wands
 N - a wand of slowing (21/48)
Scrolls
 d - a scroll of magic mapping
 i - 10 scrolls of identify {unknown}
 n - 4 scrolls of fog {unknown}
 p - 2 scrolls of teleportation {unknown}
 u - 3 scrolls of random uselessness {unknown}
 v - 6 scrolls of remove curse {unknown}
 z - a scroll of recharging {unknown}
 C - a scroll of enchant weapon {unknown}
 G - a scroll of silence {unknown}
Potions
 b - 2 potions of resistance {unknown}
 e - 3 potions of curing
 g - 2 potions of berserk rage {unknown}
 h - a potion of might {unknown}
 j - 2 potions of agility {unknown}
 k - 2 potions of haste
 o - a potion of heal wounds {unknown}
 q - 3 potions of brilliance {unknown}
 t - a potion of degeneration {unknown}
 x - a potion of mutation {unknown}
 B - a potion of flight {unknown}
 D - 2 potions of lignification {unknown}
 H - a potion of beneficial mutation {unknown}
 J - a potion of magic {unknown}
Books
 Q - a book of Battle

   Spells                             Type                      Level
   a - Infusion                       Charms                       1
   b - Shroud of Golubria             Charms/Translocation         2
   c - Song of Slaying                Charms                       2
   d - Spectral Weapon                Hexes/Charms                 3
   e - Regeneration                   Charms/Necromancy            3
Comestibles
 c - 12 bread rations
 f - 2 meat rations
 l - 4 fruits
 r - a royal jelly
 L - a beef jerky
 P - a slice of pizza
 S - a chunk of flesh


   Skills:
 - Level 2.4 Dodging
 - Level 2.4 Stealth
 - Level 0.1 Unarmed Combat
 + Level 12.7 Spellcasting
 + Level 11.4 Conjurations
 - Level 9.0 Charms


You had 24 spell levels left.
You knew the following spells:

 Your Spells              Type           Power        Failure   Level  Hunger
a - Magic Dart            Conj           ####         1%          1    None
p - Iskenderun's Battles  Conj/Chrm      ######..     1%          5    ###....
x - Iskenderun's Mystic   Conj           ######..     1%          4    None


Dungeon Overview and Level Annotations

Branches:
Dungeon (9/15)             Temple (1/1) D:6
   Lair: D:8-11         Orc: D:9-12

Altars:
Ashenzari
Cheibriados
Dithmenos
Elyvilon
Fedhas
Gozag
Kikubaaqudgha
Makhleb
Nemelex Xobeh
Okawaru
Pakellas
Qazlal
Ru
Sif Muna
Trog
Vehumet
Xom
Yredelemnul
Zin
The Shining One


Message History

The fire dragon is lightly wounded.
The orb of energy explodes!
Your battlesphere fires!
The barrage of energy hits the fire dragon.
The fire dragon is moderately wounded.
A phantom comes into view.
Casting: Iskenderun's Mystic Blast
Confirm with . or Enter, or press ? or * to list all spells.
Aiming: Iskenderun's Mystic Blast
Press: ? - help, Shift-Dir - straight line, f/p - fire dragon
Aim: a fire dragon (moderately wounded)
The orb of energy hits the fire dragon.
The fire dragon is moderately wounded.
Your battlesphere fires!
The barrage of energy hits the fire dragon.
The fire dragon is moderately wounded.
The fire dragon breathes flames at you. The blast of flame hits you!
Ouch! That really hurt!
You die...

###≈≈$W..#
#≈≈≈≈≈...#
#≈≈≈≈≈.D.#
#≈≈≈≈≈§.≈#
#≈..*§≈≈≈#
#.....≈≈≈#
#../...≈≈#
#..@.....#
##.......#
#......##
#......#
##....##
### ##..##
.[# #..#
..# #.##
#.# #.#


You could see a fire dragon, a phantom and a friendly battlesphere.

Vanquished Creatures
  The ghost of Amnesiac the Ducker, a novice OpTm of Ru (D:8)
  A spriggan (D:9)
  4 yaks (D:9)
  A hungry ghost (D:7)
  A hippogriff (D:7)
  A black bear (D:9)
  2 orc warriors (D:6)
  2 sky beasts
  3 ogres
  2 centaurs (D:5)
  A big kobold (D:7)
  Blork the orc (D:5)
  5 giant frogs
  4 scorpions
  A water moccasin zombie (D:6)
  6 killer bees
  2 howler monkeys
  5 electric eels (D:6)
  3 crimson imps
  A quasit (D:8)
  10 orc wizards
  2 giant frog skeletons
  5 orc priests
  5 hounds
  3 jellies
  An iguana (D:8)
  4 worker ants
  A killer bee zombie (D:5)
  A hound skeleton (D:5)
  2 hound zombies
  2 worker ant zombies
  13 adders
  3 gnolls (D:4)
  3 shadow imps (D:7)
  2 oozes
  An adder skeleton (D:9)
  2 adder zombies
  2 worms
  A dart slug (D:4)
  12 giant geckos
  34 orcs
  2 bats (D:2)
  6 giant cockroaches
  4 goblins
  10 hobgoblins
  13 jackals
  6 kobolds
  A quokka (D:4)
  3 ball pythons
  2 giant gecko skeletons
  4 giant newts
  A quokka zombie (D:5)
  10 rats
218 creatures vanquished.

Vanquished Creatures (others)
  A dart slug (D:2)
  A quokka (D:6)
  A ball python (D:2)
3 creatures vanquished.

Grand Total: 221 creatures vanquished

Notes
Turn   | Place    | Note
--------------------------------------------------------------
     0 | D:1      | Liam the Deep Elf Conjurer began the quest for the Orb.
     0 | D:1      | Reached XP level 1. HP: 10/10 MP: 6/6
   495 | D:1      | Reached XP level 2. HP: 15/15 MP: 6/8
   889 | D:2      | Reached skill level 4 in Spellcasting
  1068 | D:2      | Reached XP level 3. HP: 19/19 MP: 3/10
  1070 | D:2      | Reached skill level 5 in Conjurations
  1532 | D:2      | Found a white marble altar of Elyvilon.
  1749 | D:3      | Reached skill level 5 in Spellcasting
  1749 | D:3      | Reached XP level 4. HP: 24/24 MP: 7/13
  1874 | D:3      | Found a deep blue altar of Sif Muna.
  2254 | D:3      | Reached XP level 5. HP: 26/28 MP: 7/14
  2793 | D:4      | Reached skill level 6 in Spellcasting
  2965 | D:4      | Reached XP level 6. HP: 10/32 MP: 3/17
  3022 | D:3      | Found a sacrificial altar of Ru.
  3022 | D:3      | Found a shadowy altar of Dithmenos.
  3022 | D:3      | Found a burning altar of Makhleb.
  3314 | D:4      | Reached skill level 7 in Spellcasting
  3417 | D:4      | Found an opulent altar of Gozag.
  3418 | D:4      | Found a sparkling altar of Nemelex Xobeh.
  3814 | D:5      | Entered Level 5 of the Dungeon
  3854 | D:5      | Reached XP level 7. HP: 34/36 MP: 13/20
  3862 | D:5      | Learned a level 4 spell: Iskenderun's Mystic Blast
  3868 | D:5      | Learned a level 5 spell: Iskenderun's Battlesphere
  4013 | D:5      | Reached skill level 8 in Spellcasting
  4195 | D:5      | Noticed Blork the orc
  4203 | D:5      | Killed Blork the orc
  4629 | D:5      | Found an oddly glowing altar of Pakellas.
  4630 | D:5      | Found a glowing silver altar of Zin.
  4682 | D:5      | Reached skill level 9 in Spellcasting
  4902 | D:5      | Reached XP level 8. HP: 41/41 MP: 17/23
  5058 | D:6      | Reached skill level 1 in Charms
  5700 | D:6      | Reached skill level 10 in Spellcasting
  5726 | D:7      | HP: 2/41 [killer bee (7)]
  5896 | D:6      | Reached skill level 5 in Charms
  6099 | D:6      | Reached XP level 9. HP: 45/45 MP: 10/25
  6532 | D:6      | Found a staircase to the Ecumenical Temple.
  6542 | Temple   | Entered the Ecumenical Temple
  6781 | Temple   | Became a worshipper of Vehumet
  6915 | D:7      | Reached skill level 11 in Spellcasting
  6929 | D:7      | Reached skill level 10 in Conjurations
  7364 | D:7      | Reached * piety under Vehumet
  7364 | D:7      | Offered knowledge of Flame Tongue by Vehumet.
  7984 | D:8      | Noticed Amnesiac's ghost (novice OpTm)
  7988 | D:8      | Killed Amnesiac's ghost
  7988 | D:8      | Reached skill level 12 in Spellcasting
  7988 | D:8      | Reached XP level 10. HP: 50/50 MP: 9/28
  8729 | D:9      | Noticed a fire dragon
  8732 | D:9      | Killed from afar by a fire dragon

Vault maps used:
D:1:      lightli_arrival_isolated_outpost
D:2:      kennysheep_doodads, hangedman_abyss_or_decor_stabs, elyvilon_altar_4
D:3:      nicolae_overflow_hidden_temple
D:4:      grunt_temple_overflow_opulence, first_bread, grunt_ministairs_9
D:5:      gammafunk_temple_overflow_statue, uniq_blork_the_orc
D:6:      wad_lake_hut, minmay_temple_entry_fiery
D:8:      serial_park, serial_park_square2, serial_park_tiny_2
D:9:      dragon1_lemuel, minmay_orc_entry_temple_small, the_bakery
Temple:   oiseaux_autumnal_temple_12

Skill      XL: |  1  2  3  4  5  6  7  8  9 10 |
---------------+-------------------------------+-----
Spellcasting   | 4 5 6 7 9 10 12 | 12.7
Conjurations   | 5 6 7 8 9 10 11 | 11.4
Charms         | 5 9 |  9.0
Dodging        | |  2.4
Stealth        | |  2.4
Unarmed Combat | |  0.1

Action                   |  1- 3 |  4- 6 |  7- 9 | 10-12 || total
-------------------------+-------+-------+-------+-------++-------
Melee: Unarmed           |       |     2 |     4 |       ||     6
 Cast: Magic Dart        |    82 |   160 |   282 |    31 ||   555
       Iskenderun's Myst |       |       |    34 |     6 ||    40
       Iskenderun's Batt |       |       |    20 |     5 ||    25
  Use: Scroll            |       |     3 |       |       ||     3
       Potion            |       |     2 |     1 |       ||     3
  Eat: Chunk             |     1 |     8 |    14 |     3 ||    26
       Fruit             |       |       |     2 |     1 ||     3
